 Dungeon Crawl Stone Soup version 0.32-a0-22-g6ae6769602 (webtiles) character file.

Game seed: 12304075680910926548

566 IdlyInterested the Insei (level 7, -4/52 HPs)
             Began as a Demonspawn Gladiator on Jan 18, 2024.
             Slain by a scorpion (5 damage)
             ... on level 4 of the Dungeon.
             The game lasted 00:09:09 (2399 turns).

IdlyInterested the Insei (Demonspawn Gladiator)     Turns: 2399, Time: 00:09:10

Health: -4/52      AC: 14    Str: 13 (14) XL:     7   Next: 10%
Magic:  7/7        EV:  7    Int:  7 (10) God:
Gold:   216        SH:  0    Dex: 12 (15) Spells: 6/6 levels left

rFire   . .          .
                       - Unarmed
rCold   . . .        (no shield)
rNeg    . . .        m - +0 chain mail
rPois   .            c - melded +0 helmet
rElec   .            (cloak currently unavailable)
rCorr   +            (gloves currently unavailable)
SInv    .            (boots currently unavailable)
Will    .....        i - amulet of regeneration Stlth
                     l - +4 ring of protection
HPRegen 1.08/turn    q - ring of resist corrosion
MPRegen 0.10/turn

%: no passive effects
@: mighty, lethally poisoned (-4 -> -5), beast-form, attractive, hasted, very
quick
A: beast (slay +2), claws 1, icy blue scales 1, powered by death 1, spiny 1
a: Begin Untransformation


You were on level 4 of the Dungeon.
You were a hulking beast.
You visited 1 branch of the dungeon, and saw 4 of its levels.

You collected 216 gold pieces.

Inventory:

Hand Weapons
 a - a +1 rapier
Missiles
 d - 4 throwing nets
 e - a javelin
 k - 23 stones (quivered)
Armour
 c - a +0 helmet (melded)
 m - a +0 chain mail (worn)
Jewellery
 i - an amulet of regeneration (around neck)
 l - a +4 ring of protection (left claw)
 q - a ring of resist corrosion (right claw)
Talismans
 s - a beast talisman (active)
Scrolls
 f - a scroll of enchant armour {unknown}
 g - a scroll of fear {unknown}
 h - 2 scrolls of silence
 j - a scroll of enchant weapon
 o - a scroll of brand weapon {unknown}
 r - 2 scrolls of summoning
 t - a scroll of immolation
 u - a scroll of vulnerability
 w - a scroll of amnesia {unknown}
 y - a scroll of teleportation
Potions
 x - a potion of curing {unknown}


   Skills:
 + Level 3.2 Fighting
 - Level 3.5 Short Blades
 - Level 1.7 Throwing
 - Level 2.6 Dodging
 + Level 4.1 Unarmed Combat
 * Level 3.5 Shapeshifting


You had 6 spell levels left.
You didn't know any spells.
Your spell library contained the following spells:

 Spells                   Type           Power      Damage    Failure   Level
 Summon Small Mammal      Summ           0%         N/A       100%        1
 Call Canine Familiar     Summ           0%         N/A       100%        3
 Summon Blazeheart Golem  Fire/Summ      0%         N/A       100%        4


Dungeon Overview and Level Annotations

Branches:
Dungeon (4/15)
 Temple: D:4-7

Altars:

Shops:
D:2 [   D:3 [

Annotations:
D:4 BigPumpCobain's ghost, amateur DrSh


Innate Abilities, Weirdness & Mutations

You are a hulking beast.
Your limbs bulge with bestial killing power. (Slay +2)
You have sharp fingernails.
You are partially covered in icy blue scales. (AC +2)
You regenerate a little health from kills.
You are partially covered in sharp spines.


Message History

Ouch! That really hurt!
* * * LOW HITPOINT WARNING * * *
The scorpion barely misses you. The hound is struck by your spines.
The hound bites you.
* * * LOW HITPOINT WARNING * * *
It was a potion of attraction.
You feel attractive to monsters. The hound is struck by your spines.
You kill the hound!
The scorpion stings you but does no damage.
The ogre is struck by your spines. The ogre hits you with a +0 giant club.
* * * LOW HITPOINT WARNING * * *
You scratch the ogre.
The ogre is almost dead.
The scorpion stings you.
* * * LOW HITPOINT WARNING * * *
You scratch the ogre.
You kill the ogre!
The scorpion stings you.
* * * LOW HITPOINT WARNING * * *
You are lethally poisoned!
The scorpion poisons you!
You have reached level 7!
Your demonic ancestry asserts itself...
Icy blue scales grow over part of your body.
It was a potion of haste.
You feel yourself speed up.
* * * LOW HITPOINT WARNING * * *
You feel sick. The scorpion is struck by your spines.
The scorpion stings you but does no damage.
It was a potion of degeneration.
There was something very wrong with that liquid.
You feel weakened.
You feel dopey.
You feel clumsy.
* * * LOW HITPOINT WARNING * * *
You feel sick.
The scorpion stings you but does no damage.
It was a potion of might.
You feel very mighty all of a sudden.
* * * LOW HITPOINT WARNING * * *
You feel sick. The scorpion stings you.
You die...

................#..
.......###......... ...
........#####...... ....
..........####...###....
.................# .....
................##......
...............# #...#
...............##s..#
........<......#h†..#
................)†.##
..................##
..................#
.............###...#
............#####...#
................#.....
............###......O.
...........## ##....


You could see a scorpion.

Vanquished Creatures
  Grinder (D:3)
  2 ogres (D:4)
  A bombardier beetle (D:3)
  An orc priest (D:3)
  A hound (D:4)
  3 adders
  6 dart slugs
  A ribbon worm (D:2)
  5 orcs
  6 ball pythons
  5 endoplasms
  3 giant cockroaches
  6 goblins
  8 hobgoblins
  3 jackals (D:2)
  2 kobolds (D:1)
  A quokka (D:1)
  3 bats
  4 frilled lizards
  6 rats
68 creatures vanquished.

Notes
Turn   | Place    | Note
-------+----------+-------------------------------------------
     0 | D:1      | IdlyInterested the Demonspawn Gladiator began the quest for
                  | the Orb.
     0 | D:1      | Reached XP level 1. HP: 16/16 MP: 1/1
   255 | D:1      | Found a faded altar of an unknown god.
   267 | D:1      | Gained mutation: You are partially covered in sharp spines.
                  | [demonic ancestry]
   267 | D:1      | Reached XP level 2. HP: 22/22 MP: 2/2
   593 | D:1      | Gained mutation: You have sharp fingernails. [demonic
                  | ancestry]
   593 | D:1      | Reached XP level 3. HP: 28/28 MP: 3/3
   759 | D:2      | Reached skill level 1 in Unarmed Combat
   931 | D:2      | Gained mutation: You regenerate a little health from kills.
                  | [demonic ancestry]
   931 | D:2      | Reached XP level 4. HP: 32/35 MP: 4/4
  1024 | D:2      | Found Oclyukli's Antique Armour Boutique.
  1355 | D:3      | Reached skill level 2 in Unarmed Combat
  1355 | D:3      | Reached skill level 1 in Shapeshifting
  1400 | D:3      | Reached XP level 5. HP: 41/41 MP: 5/5
  1578 | D:3      | Found Dohix's Armour Boutique.
  1578 | D:3      | Noticed Grinder
  1591 | D:3      | Killed Grinder
  1592 | D:3      | Reached skill level 3 in Unarmed Combat
  1592 | D:3      | Reached XP level 6. HP: 22/47 MP: 6/6
  2363 | D:4      | Noticed an ice beast
  2363 | D:4      | Noticed BigPumpCobain's ghost (amateur DrSh)
  2390 | D:4      | Reached skill level 4 in Unarmed Combat
  2395 | D:4      | HP: 2/47 [scorpion (4)]
  2397 | D:4      | Gained mutation: You are partially covered in icy blue
                  | scales. (AC +2) [demonic ancestry]
  2397 | D:4      | Reached XP level 7. HP: 3/52 MP: 7/7
  2399 | D:4      | Slain by a scorpion

Illustrated notes

Levels and vault maps discovered:
D:1:      ncdulo_halloftheorcs, layout_loops_cross,
          chequers_ecumenical_altar_grove, hangedman_feature_mirror
D:2:      layout_rooms, serial_shops, nicolae_shop_behind_doors
D:3:      minmay_inner_zag, layout_loops_ring, serial_shops,
          nicolae_shop_hallway_plus, corexii_leaking_fountain, uniq_grinder
D:4:      layout_layer_cave, grunt_gozag_statues, gammafunk_ghost_icy

Skill      XL: |  1  2  3  4  5  6 |
---------------+-------------------+-----
Short Blades   | 3 |  3.5
Unarmed Combat | 1 2 3 4 |  4.1
Fighting       | 3 |  3.2
Shapeshifting  | 1 2 3 |  3.5
Throwing       | |  1.7
Dodging        | |  2.6

Action                     |  1- 3 |  4- 6 |  7- 9 || total
---------------------------+-------+-------+-------++-------
  Melee: Rapier            |    68 |       |       ||    68
         Unarmed           |    33 |    83 |       ||   116
         Punch             |     2 |       |       ||     2
    Use: Scroll            |     1 |     5 |       ||     6
         Potion            |       |     1 |     3 ||     4
 Armour: Leather armour    |    16 |       |       ||    16
         Ring mail         |    41 |     2 |       ||    43
         Scale mail        |       |    12 |       ||    12
         Chain mail        |       |    35 |     3 ||    38
  Dodge: Dodged            |    48 |    31 |       ||    79
   Form: Beast             |     1 |       |       ||     1

Table legend: (Time is in decaauts)
 A = Elapsed time spent in this place.
 B = Non-inter-level travel time spent in this place.
 C = Inter-level travel time spent in this place.
 D = Time resting spent in this place.
 E = Time spent auto-exploring this place.
 F = Levels seen in this place.
 G = Mean time per level.
                   A        B        C        D        E       F      G
               +--------+--------+--------+--------+--------+-----+--------+
         Total |   2394 |   2249 |    145 |    263 |   1387 |   4 |  598.5 |
       Dungeon |   2394 |   2249 |    145 |    263 |   1387 |   4 |  598.5 |
               +--------+--------+--------+--------+--------+-----+--------+

Top non-repeatable levels by time:
     D:3: 1016 daAuts
     D:1: 755 daAuts
     D:2: 494 daAuts
     D:4: 128 daAuts
